 Dungeon Crawl Stone Soup version 0.31-a0-1005-gfbdfbacc72 (webtiles) character file.

Game seed: 4254408897035261433

189 Azuregosa the Covert (level 5, -5/36 HPs)
             Began as an Octopode Delver on Nov 11, 2023.
             Killed from afar by Duvessa (12 damage)
             ... with a puff of flame
             ... on level 4 of the Dungeon.
             The game lasted 00:09:42 (3044 turns).

Azuregosa the Covert (Octopode Delver)              Turns: 3044, Time: 00:09:43

Health: -5/36      AC:  1    Str: 12    XL:     5   Next: 68%
Magic:  9/9        EV: 13    Int: 14    God:
Gold:   153        SH:  0    Dex: 13    Spells: 9/9 levels left

rFire   . . .        y - +0 long sword (pain)
rCold   . . .        (no shield)
rNeg    . . .        (helmet restricted)
rPois   .            (no amulet)
rElec   .            (no ring)
rCorr   .            (no ring)
SInv    .            (no ring)
Will    .....        (no ring)
Stlth   +++++        (no ring)
HPRegen 0.26/turn    (no ring)
MPRegen 0.11/turn    (no ring)
                     (no ring)

%: no passive effects
@: no status effects
A: almost no armour, amphibious, 8 rings, camouflage 1, gelatinous body 1,
(nimble swimmer 1), tentacles
a: no special abilities


You were on level 4 of the Dungeon.
You visited 1 branch of the dungeon, and saw 5 of its levels.

You collected 153 gold pieces.

Inventory:

Hand Weapons
 a - a +0 falchion
 g - a +0 halberd
 m - a +3 war axe
 y - a +0 long sword of pain (weapon)
 z - a +2 dagger of speed
Missiles
 j - 59 stones
Armour
 o - an orb of energy
Wands
 c - a wand of mindburst (16)
 f - a wand of digging (3)
Scrolls
 b - a scroll of fog
 i - a scroll of poison {unknown}
 k - a scroll of teleportation {unknown}
 n - 3 scrolls of enchant armour {unknown}
 p - 3 scrolls of identify {unknown}
 q - a scroll of enchant weapon {unknown}
 t - a scroll of blinking {unknown}
 u - a scroll of vulnerability {unknown}
Potions
 e - 2 potions of haste
 h - 4 potions of curing {unknown}
 l - a potion of heal wounds {unknown}
 r - a potion of resistance {unknown}
 s - 2 potions of degeneration {unknown}
 v - 2 potions of attraction {unknown}
 w - a potion of berserk rage {unknown}
 x - a potion of brilliance {unknown}


   Skills:
 - Level 3.0 Fighting
 - Level 2.0 Long Blades
 - Level 2.0 Dodging
 - Level 9.0 Stealth
 + Level 2.8 Spellcasting


You had 9 spell levels left.
You didn't know any spells.
Your spell library contained the following spells:

 Spells                   Type           Power      Damage    Failure   Level
 Static Discharge         Conj/Air       2%         3-4/arc   32%         2
 Tukima's Dance           Hex            1%         N/A       54%         3
 Airstrike                Air            0%         2d(1-17)  91%         4
 Passage of Golubria      Tloc           1%         N/A       91%         4
 Summon Lightning Spire   Summ/Air       1%         N/A       91%         4
 Yara's Violent Unravell  Hex/Tmut       0%         3d3       99%         5


Dungeon Overview and Level Annotations

Branches:
Dungeon (5/15)
 Temple: D:4-7

Altars:
Dithmenos
Elyvilon
Zin

Shops:
D:2 *

Annotations:
D:4 Dowan, Duvessa


Innate Abilities, Weirdness & Mutations

You cannot wear most types of armour.
You are amphibious.
You can wear up to eight rings at the same time.
Your skin changes colour to match your surroundings (Stealth+).
Your rubbery body absorbs attacks. (AC +1, EV +1)
((You are camouflaged when in or above water. (Stealth+)))
You have tentacles for arms and can constrict up to eight enemies at once.


Message History

Something hits you. The orc closely misses you.
You barely miss something. You constrict the orc.
You kill the orc!
Something hits you.
You miss something. Something hits you.
You closely miss something. Something hits you.
The orc hits you with a +0 flail. Something hits you.
The orc hits you with a +0 flail!
You hit the orc. You grab the orc. You squeeze the orc.
The orc is heavily wounded.
You constrict the orc. The orc hits you with a +0 hand axe.
You miss something.
The iguana hisses angrily.
Your squeeze misses something. You constrict the orc.
You kill the orc!
You slash something! Something hits you. The orc completely misses you.
You hit the orc. You grab the orc.
The orc is moderately wounded.
You constrict the orc. Something barely misses you. The orc barely misses you.
The orc hits you with a +0 flail!
* * * LOW HITPOINT WARNING * * *
Something hits you.
* * * LOW HITPOINT WARNING * * *
The orc hits you with a +0 flail.
* * * LOW HITPOINT WARNING * * *
The orc misses you.
As you read the scroll of fear, it crumbles to dust.
You assume a fearsome visage.
The iguana looks frightened!
The orc looks frightened! x2; You constrict the orc.
The orc escapes!
There is a stone staircase leading up here.
You climb upwards.
Level annotation: Dowan, Duvessa Reactivating autopickup.
There is a stone staircase leading down here.
You start resting.
Duvessa is nearby!
There is an open door here.
Found 8 gold pieces.
Duvessa zaps a wand.
The puff of flame hits you!
You die...

..............>......#
.............#'#####.#
.............#e#####.#
.....................#
####.....##..[..####.#
#.....##.....###
#.....##.......#
#.$...##.....#.#
#...@.....#...
#......#+## #...
#......# ... #......#
#. ........#
#........# #.........
#..........


You could see Duvessa.

Vanquished Creatures
  An iguana (D:5)
  Robin (D:3)
  4 adders (D:2)
  3 gnolls (D:2)
  A worm (D:2)
  A dart slug (D:2)
  2 orcs (D:5)
  2 bats
  10 endoplasms
  2 giant cockroaches
  15 goblins
  7 hobgoblins
  3 jackals (D:2)
  5 kobolds
  2 quokkas
  7 ball pythons
  3 frilled lizards
  6 rats
75 creatures vanquished.

Notes
Turn   | Place    | Note
-------+----------+-------------------------------------------
     0 | D:5      | Azuregosa the Octopode Delver began the quest for the Orb.
     0 | D:5      | Reached XP level 1. HP: 16/16 MP: 1/1
    14 | D:5      | Noticed an iguana
    41 | D:4      | Noticed Duvessa
    41 | D:4      | Noticed a killer bee
    41 | D:4      | Noticed a killer bee
    42 | D:4      | Noticed a killer bee
    42 | D:4      | Noticed a killer bee
    42 | D:4      | Noticed Dowan
    71 | D:5      | Noticed an orc wizard
    81 | D:5      | Noticed an iguana
    91 | D:5      | Killed an iguana
    92 | D:5      | Reached skill level 7 in Stealth
    92 | D:5      | Reached XP level 2. HP: 10/21 MP: 2/2
    92 | D:5      | Reached XP level 3. HP: 13/26 MP: 3/3
   192 | D:3      | Found a white marble altar of Elyvilon.
   334 | D:2      | Reached skill level 8 in Stealth
   446 | D:2      | Reached XP level 4. HP: 7/31 MP: 4/4
   742 | D:1      | Found a faded altar of an unknown god.
   791 | D:1      | Reached skill level 9 in Stealth
  1186 | D:2      | Reached skill level 1 in Spellcasting
  1408 | D:2      | Reached XP level 5. HP: 36/36 MP: 5/7
  1934 | D:2      | Found Nauliza's Assorted Antiques.
  2244 | D:3      | Noticed Robin
  2280 | D:3      | Killed Robin
  2492 | D:3      | Found a glowing silver altar of Zin.
  2501 | D:3      | Found a shadowy altar of Dithmenos.
  3019 | D:5      | HP: 1/36 [orc/+0 flail (4)]
  3044 | D:4      | Killed from afar by Duvessa

Illustrated notes

Levels and vault maps discovered:
D:1:      ncdulo_lavacross, layout_rooms, dreamdust_ecumenical_altar_statues,
          chequers_serial_rivers_large_a
D:2:      layout_basic, serial_shops, nicolae_shop_crystal, grunt_ministairs_6
D:3:      layout_loops_ring, mainiacjoe_overflow_swirl, elyvilon_altar_3,
          kennysheep_generic_room_2, uniq_robin
D:4:      layout_basic, serial_shops, nicolae_shop_statue_plus, uniq_duvessa,
          uniq_eustachio
D:5:      layout_rooms, serial_bayou, serial_bayou_pond_e, serial_bayou_pond_c,
          serial_bayou_pond_e, serial_bayou_pond_a, serial_bayou_crossing,
          serial_bayou_pond_c

Skill      XL: |  1  2  3  4  5 |
---------------+----------------+-----
Stealth        | 7 8 9 |  9.0
Spellcasting   | 1 2 |  2.8
Fighting       | |  3.0
Long Blades    | |  2.0
Dodging        | |  2.0

Action                     |  1- 3 |  4- 6 || total
---------------------------+-------+-------++-------
  Melee: Falchion          |    28 |    71 ||    99
         Tentacles         |     7 |    19 ||    26
         Constrict         |     8 |    27 ||    35
         Punch             |     1 |       ||     1
         Long sword        |       |    41 ||    41
    Use: Scroll            |     1 |     1 ||     2
   Stab: Sleeping          |     5 |    21 ||    26
 Armour: Skin              |    10 |    44 ||    54
  Dodge: Dodged            |    16 |    71 ||    87

Table legend: (Time is in decaauts)
 A = Elapsed time spent in this place.
 B = Non-inter-level travel time spent in this place.
 C = Inter-level travel time spent in this place.
 D = Time resting spent in this place.
 E = Time spent auto-exploring this place.
 F = Levels seen in this place.
 G = Mean time per level.
                   A        B        C        D        E       F      G
               +--------+--------+--------+--------+--------+-----+--------+
         Total |   3075 |   2978 |     97 |    195 |   1863 |   5 |  615.0 |
       Dungeon |   3075 |   2978 |     97 |    195 |   1863 |   5 |  615.0 |
               +--------+--------+--------+--------+--------+-----+--------+

Top non-repeatable levels by time:
     D:2: 1360 daAuts
     D:3: 987 daAuts
     D:1: 486 daAuts
     D:5: 192 daAuts
     D:4: 49 daAuts
